 Dungeon Crawl Stone Soup version 0.28-a0-1395-g4f6bc678fa (webtiles) character file.

Game seed: 10164349028427120914

46480 tilp the Fighter (level 14, -8/72 HPs)
             Began as a Felid Ice Elementalist on Jan 3, 2022.
             Was an Elder of Dithmenos.
             Mangled by a skeletal warrior (17 damage)
             ... led by a skeletal warrior
             ... on level 15 of the Dungeon on Jan 4, 2022.
             The game lasted 01:25:59 (52461 turns).

tilp the Fighter (Felid Ice Elementalist)          Turns: 52461, Time: 01:25:59

Health: -8/72      AC: 16    Str:  4    XL:     14   Next: 5%
Magic:  7/25       EV: 24    Int: 23    God:    Dithmenos [****..]
Gold:   1147       SH:  0    Dex: 18    Spells: 4/27 levels left
                                        Lives:  0   Deaths: 3

rFire   + . .      SeeInvis +     - Unarmed
rCold   + . .      Faith    .   (shield unavailable)
rNeg    . . .      Spirit   .   (armour unavailable)
rPois   .          Reflect  .   (helmet unavailable)
rElec   .          Harm     .   (cloak unavailable)
rCorr   .          Rampage  .   (gloves unavailable)
Will    ++...                   (boots unavailable)
Stlth   ++++++....              D - amulet of the acrobat
HPRegen 0.22/turn               M - ring "Ycoxtaas" {Wiz rF+}
MPRegen 0.19/turn               L - +4 ring of protection

@: ice-armoured, wreathed by umbra, quick
A: very small, claws 1, fangs 3, see invisible, speed 1, shaggy fur 3, stealthy
paws, no weapons or thrown items, no armour, multi-lived
a: Renounce Religion, Shadow Step


You were on level 15 of the Dungeon.
You worshipped Dithmenos.
Dithmenos was greatly pleased with you.
You visited 4 branches of the dungeon, and saw 24 of its levels.
You also visited: Sewer.

You collected 2264 gold pieces.
You spent 1117 gold pieces at shops.

Inventory:

Jewellery
 h - a ring of poison resistance
 k - a ring of wizardry
 q - a ring of positive energy
 B - an amulet of faith
 D - an amulet of the acrobat (around neck)
 E - an amulet of reflection
 G - a ring of flight
 H - a +6 ring of strength
 L - a +4 ring of protection (right paw)
 M - the ring "Ycoxtaas" (left paw) {Wiz rF+}
   (You found it on level 12 of the Dungeon)

   [ring of wizardry]

   It improves your spell success rate.
   rF:        It protects you from fire.
 N - a +4 ring of protection
 O - a +6 ring of intelligence
 P - a ring of ice
 R - a ring of wizardry
Wands
 l - a wand of mindburst (10)
 t - a wand of flame (43)
 w - a wand of paralysis (15)
 z - a wand of charming (11)
Scrolls
 j - 11 scrolls of teleportation
 o - 4 scrolls of magic mapping
 r - 4 scrolls of fog
 y - 3 scrolls of torment
 A - 4 scrolls of amnesia
 C - 2 scrolls of silence
 I - 5 scrolls of identify
 J - 2 scrolls of fear
 Q - 2 scrolls of vulnerability
Potions
 a - 12 potions of curing
 b - 3 potions of haste
 c - 2 potions of resistance
 d - 7 potions of heal wounds
 e - 4 potions of flight
 f - 6 potions of attraction
 g - 2 potions of might
 i - 3 potions of cancellation
 m - a potion of ambrosia
 n - 3 potions of lignification
 p - 8 potions of mutation
 s - 3 potions of invisibility
 u - a potion of berserk rage
 v - 4 potions of magic
 x - 2 potions of brilliance
Miscellaneous
 F - a box of beasts (inert)
 K - a phial of floods


   Skills:
 + Level 14.9 Fighting
 - Level 10.0 Dodging
 - Level 8.0 Stealth
 + Level 8.1 Unarmed Combat
 + Level 7.0 Spellcasting
 + Level 9.4 Conjurations
 - Level 4.0 Translocations
 + Level 12.9 Ice Magic
 - Level 6.0 Air Magic
 - Level 6.0 Invocations
 + Level 9.9 Evocations


You had 4 spell levels left.
You knew the following spells:

 Your Spells              Type           Power      Damage    Failure   Level
a - Freeze                Ice            100%       1d11      1%          1
b - Frozen Ramparts       Ice            100%       1d12      1%          3
c - Ozocubu's Armour      Ice            61%        N/A       1%          3
d - Hailstorm             Conj/Ice       56%        3d12      1%          4
e - Blink                 Tloc           52%        N/A       1%          2
f - Freezing Cloud        Conj/Ice/Air   25%        6-21      1%          5
g - Apportation           Tloc           52%        N/A       1%          1
h - Summon Ice Beast      Ice/Summ       37%        N/A       2%          4

Your spell library contained the following spells:

 Spells                   Type           Power      Damage    Failure   Level
 Lesser Beckoning         Tloc           26%        N/A       1%          3
 Mephitic Cloud           Conj/Pois/Air  31%        N/A       1%          3
 Ice Form                 Ice/Tmut       37%        N/A       2%          4
 Animate Skeleton         Necr           16%        N/A       3%          1
 Summon Small Mammal      Summ           32%        N/A       3%          1
 Ignite Poison            Fire/Tmut/Pois 8%         N/A       9%          3
 Fireball                 Conj/Fire      14%        3d8       12%         5
 Manifold Assault         Tloc           26%        N/A       16%         5
 Summon Forest            Summ/Tloc      8%         N/A       34%         5
 Starburst                Conj/Fire      14%        6d6       52%         6
 Blade Hands              Tmut           4%         N/A       61%         5
 Summon Mana Viper        Hex/Summ       8%         N/A       61%         5
 Summon Cactus Giant      Summ           4%         N/A       98%         6
 Ignition                 Fire           4%         3d4       100%        8
 Portal Projectile        Hex/Tloc       Unusable   N/A       N/A         3
 Excruciating Wounds      Necr           Unusable   N/A       N/A         5

Dungeon Overview and Level Annotations

Branches:
Dungeon (15/15)            Temple (1/1) D:4            Lair (6/6) D:11
  Swamp (0/4) Lair:3       Spider (0/4) Lair:3        Slime (0/5) Lair:6
    Orc (2/2) D:10            Elf (0/3) Orc:2        Vaults (0/5) D:14
 Depths (0/4) D:15          Sewer (visited)

Altars:
Ashenzari
Cheibriados
Dithmenos
Elyvilon
Fedhas
Gozag
Hepliaklqana
Kikubaaqudgha
Makhleb
Nemelex Xobeh
Okawaru
Qazlal
Ru
Sif Muna
Trog
Uskayaw
Vehumet
Wu Jian
Xom
Yredelemnul
Zin
The Shining One

Shops:
D:2 (((   D:10 *   D:12 [   Orc:1 *   Orc:2 **((=!

Annotations:
D:8 1 runed translucent door, p0werm0de's ghost, novice DjFi
D:10 3 runed translucent doors, Mamutox's ghost, novice SpBr; Nergalle
D:13 2 transporters
D:14 Louise
D:15 Agnes
Lair:2 exclusion: 2 death yaks
Orc:2 3 runed translucent doors, ThreePoint314's ghost, journeyman DsIE


Innate Abilities, Weirdness & Mutations

You have sharp claws.
You have razor-sharp teeth.
You have supernaturally acute eyesight. (SInv)
You cover ground quickly. (Speed+)
Your thick and shaggy fur keeps you warm. (AC +3, rC+)
Your paws help you pounce on unaware monsters.
You are incapable of wielding weapons or throwing items.
You cannot wear armour.
You gain extra lives every three experience levels.


Message History

The skeletal warrior barely misses your ice beast.
You scratch the skeletal warrior but do no damage.
The skeletal warrior is heavily damaged.
Your ice beast hits the skeletal warrior but does no damage.
You closely miss the skeletal warrior.
The skeletal warrior is heavily damaged.
Your shadow hits the skeletal warrior but does no damage.
The skeletal warrior hits you with a +0 war axe!
The skeletal warrior hits your ice beast with a +0 war axe!
Your ice beast barely misses the skeletal warrior.
You scratch the skeletal warrior but do no damage.
The skeletal warrior is heavily damaged.
Your shadow hits the skeletal warrior but does no damage.
The skeletal warrior hits you with a +0 war axe.
The skeletal warrior hits your ice beast with a +0 war axe!
Your ice beast barely misses the skeletal warrior.
You claw the skeletal warrior!
The skeletal warrior is heavily damaged.
The skeletal warrior hits you with a +0 war axe!
* * * LOW HITPOINT WARNING * * *
The skeletal warrior hits your ice beast with a +0 war axe!!
Your ice beast dies!
Your ice beast disappears in a puff of smoke!
Casting: Summon Ice Beast (dangerous; 2% risk of failure)
Confirm with . or Enter, or press ? or * to list all spells.
A chill wind blows around you.
The skeletal warrior hits you with a +0 war axe.
* * * LOW HITPOINT WARNING * * *
The skeletal warrior hits your ice beast with a +0 war axe!
Unknown command.
Casting: Summon Ice Beast (dangerous; 2% risk of failure)
Confirm with . or Enter, or press ? or * to list all spells.
Okay, then.
Unknown command.
Unknown command.
Unknown command.
You completely miss the skeletal warrior.
The skeletal warrior is heavily damaged.
The skeletal warrior hits you with a +0 war axe!
You die...

#.# #.... #.## #
##....# ...#
#.##≈(... ##.##
#.#≈≈≈≈≈## ##..#
#.≈≈≈≈≈≈≈# ###.#
#≈≈≈≈≈≈≈≈# # #.##
#.≈≈≈≈≈≈≈# #
#..###.#≈≈≈≈Y###
####.##....≈≈≈.z@#
##)...#..###≈######
##.#................
≈#.##.##..##########
≈≈.....#≈.####
≈#..##.≈≈≈...#
##...#≈≈≈≈≈#.#
##...≈≈≈≈≈≈≈.#
##.#≈≈≈≈≈≈≈≈≈##


You could see a skeletal warrior (ally target) and a friendly ice beast
(summoned).

Vanquished Creatures
  2 orc warlords (Orc:2)
  A dire elephant (Lair:3)
  Snorg (D:13)
  An ettin (D:15)
  A fire dragon (Lair:6)
  3 boulder beetles
  5 ogre magi
  6 hydras
  Erica (D:10)
  A death knight (D:14)
  A dancing weapon (D:14)
  9 centaur warriors
  31 two-headed ogres
  2 tengu warriors
  8 slime creatures
  Urug (D:12)
  7 skeletal warriors
  2 deep trolls (D:15)
  A deep elf pyromancer (D:15)
  2 orc knights
  2 lindwurms
  A necromancer (D:15)
  A phantasmal warrior (D:14)
  7 ugly things
  An oklob plant (Lair:3)
  4 orc sorcerers
  A manticore (D:14)
  5 cyclopes
  8 black mambas
  23 elephants
  Maurice (D:8)
  A gargoyle (D:13)
  2 molten gargoyles (Lair:6)
  A torpor snail (Lair:6)
  9 cane toads
  An unseen horror (D:10)
  2 rime drakes
  A freezing wraith (D:14)
  A kobold demonologist (D:10)
  7 komodo dragons
  12 trolls
  2 polar bears (Lair:3)
  A burning bush (Lair:2)
  A hornet (D:11)
  4 dream sheep (Lair:6)
  Prince Ribbit (D:7)
  13 blink frogs
  A meliai zombie (D:11)
  Sigmund (D:3)
  A wraith (D:14)
  A spriggan (Lair:3)
  3 water elementals (D:15)
  6 wyverns
  2 shadows
  41 yaks
  A fire elemental (D:13)
  2 redbacks (Lair:3)
  3 steam dragons
  10 basilisks
  11 vampire mosquitoes
  2 wargs (Orc:1)
  2 acid dragons (D:11)
  17 water moccasins
  5 hell hounds (Lair:6)
  2 ice beasts
  A black bear (D:11)
  19 orc warriors
  2 sky beasts
  34 ogres
  12 wolves
  23 centaurs
  A phantom (D:7)
  2 kobold brigands
  2 gnoll sergeants
  17 bullfrogs
  A wyvern zombie (D:8)
  7 scorpions
  4 water moccasin skeletons
  9 killer bees (D:8)
  6 lava snakes
  5 electric eels
  4 centaur zombies
  8 orc priests
  3 hounds
  A centaur skeleton (D:6)
  A bullfrog skeleton (D:5)
  Natasha (thrice) (D:2)
  11 orc wizards
  5 hell rats (Lair:3)
  4 iguanas
  A killer bee zombie (D:7)
  A hound skeleton (D:4)
  2 howler monkey zombies
  9 gnolls
  8 adders
  A shadow imp (D:6)
  3 worms
  2 dart slugs
  46 orcs
  12 ball pythons
  4 bats
  11 endoplasms
  3 giant cockroaches
  6 goblins
  6 hobgoblins
  7 jackals
  9 quokkas
  2 frilled lizards
  17 kobolds
  7 rats
652 creatures vanquished.

Vanquished Creatures (collateral kills)
  A dancing weapon (D:14)
1 creature vanquished.

Vanquished Creatures (others)
  An orc (Orc:2)
  181 fungi
  183 plants
365 creatures vanquished.

Grand Total: 1018 creatures vanquished

Notes
Turn   | Place    | Note
-------+----------+-------------------------------------------
     0 | D:1      | tilp the Felid Ice Elementalist began the quest for the
                  | Orb.
     0 | D:1      | Reached XP level 1. HP: 7/7 MP: 4/4
   515 | D:1      | Reached XP level 2. HP: 11/11 MP: 1/6
  1333 | D:2      | Reached XP level 3. HP: 14/14 MP: 6/8
  1341 | D:2      | Learned a level 3 spell: Frozen Ramparts
  1434 | D:2      | Learned a level 3 spell: Ozocubu's Armour
  1555 | D:2      | Noticed Natasha
  1562 | D:2      | Killed Natasha
  1563 | D:2      | Reached XP level 4. HP: 18/18 MP: 1/9
  1881 | D:2      | Found Maujodon's Weapon Shop.
  1884 | D:2      | Found Qutis's Antique Weapon Shoppe.
  1900 | D:2      | Noticed Natasha
  1915 | D:2      | Killed Natasha
  1916 | D:2      | Reached skill level 5 in Ice Magic
  2041 | D:2      | Reached XP level 5. HP: 21/21 MP: 5/10
  2201 | D:2      | Found Sosm's Weapon Shoppe.
  2401 | D:2      | Found Sosm's Weapon Shoppe.
  2415 | D:2      | Found Qutis's Antique Weapon Shoppe.
  2433 | D:2      | Found Maujodon's Weapon Shop.
  2622 | D:2      | Noticed Natasha
  2640 | D:2      | Killed Natasha
  2998 | D:3      | Found a faded altar of an unknown god.
  3362 | D:3      | Noticed Sigmund
  4041 | D:4      | Reached skill level 1 in Unarmed Combat
  4041 | D:4      | Gained mutation: You are covered in thick fur. (AC +2)
                  | [Felid growth]
  4041 | D:4      | Reached XP level 6. HP: 20/25 MP: 9/11
  4123 | D:4      | Reached skill level 1 in Fighting
  4279 | D:4      | Found a staircase to the Ecumenical Temple.
  4312 | Temple   | Entered the Ecumenical Temple
  4778 | Temple   | Became a worshipper of Dithmenos the Shadowed
  4966 | D:4      | Noticed a water moccasin
  5829 | D:5      | Entered Level 5 of the Dungeon
  5852 | D:5      | Found a glowing drain.
  5859 | D:5      | Noticed a sky beast
  5881 | Sewer    | Entered a sewer
  5961 | Sewer    | Reached skill level 2 in Fighting
  6199 | Sewer    | Reached * piety under Dithmenos
  6389 | Sewer    | Learned a level 4 spell: Hailstorm
  6405 | D:5      | Killed a sky beast
  6406 | D:5      | Reached XP level 7. HP: 24/30 MP: 4/12
  6503 | D:5      | Found a blossoming altar of Fedhas.
  6758 | D:5      | Reached skill level 3 in Fighting
  7132 | D:5      | Reached skill level 4 in Fighting
  7132 | D:5      | Reached skill level 1 in Evocations
  7566 | D:5      | Reached XP level 8. HP: 6/36 MP: 2/13
  7893 | D:6      | Reached skill level 5 in Fighting
  7903 | D:6      | Reached ** piety under Dithmenos
  8211 | D:6      | Learned a level 2 spell: Blink
  8424 | D:6      | Reached skill level 6 in Fighting
  8583 | D:6      | Reached skill level 1 in Translocations
  9390 | D:7      | Reached skill level 1 in Conjurations
  9863 | D:7      | Noticed Prince Ribbit
  9873 | D:7      | Killed Prince Ribbit
  9874 | D:7      | Reached XP level 9. HP: 22/41 MP: 4/14
 10704 | D:8      | Noticed a two-headed ogre
 10721 | D:8      | Killed a two-headed ogre
 10956 | D:8      | Noticed Maurice
 11193 | D:8      | Found an ancient bone altar of Kikubaaqudgha.
 11332 | D:8      | Found a runed translucent door.
 11334 | D:8      | Found a shimmering altar of Xom.
 11334 | D:8      | Noticed p0werm0de's ghost (novice DjFi)
 11335 | D:8      | Noticed a +0 rapier of chaos
 11524 | D:8      | Reached skill level 5 in Dodging
 11524 | D:8      | Reached skill level 5 in Stealth
 11892 | D:9      | Reached XP level 10. HP: 46/46 MP: 4/15
 12137 | D:9      | Noticed a two-headed ogre
 12141 | D:9      | Killed a two-headed ogre
 12141 | D:9      | Reached *** piety under Dithmenos
 12142 | D:9      | Reached skill level 5 in Unarmed Combat
 12274 | D:9      | Reached skill level 7 in Fighting
 13044 | D:10     | Entered Level 10 of the Dungeon
 13050 | D:10     | Noticed Erica
 13059 | D:10     | Noticed a deep troll
 13059 | D:10     | Found a runed translucent gate.
 13059 | D:10     | Found a runed translucent gate.
 13059 | D:10     | Found an opulent altar of Gozag.
 13059 | D:10     | Found a runed translucent gate.
 13059 | D:10     | Found Yxku's Assorted Antiques.
 13061 | D:10     | Noticed a two-headed ogre
 13066 | D:10     | Noticed Mamutox's ghost (novice SpBr)
 13066 | D:10     | Noticed a five-headed hydra
 13272 | D:10     | Noticed Nergalle
 13451 | D:10     | Killed Erica
 13454 | D:10     | Reached skill level 8 in Fighting
 13602 | D:10     | Found a staircase to the Orcish Mines.
 13691 | D:10     | Killed a two-headed ogre
 13705 | D:10     | Noticed a two-headed ogre
 14534 | D:3      | Killed Sigmund
 14808 | D:10     | Killed a two-headed ogre
 14809 | D:10     | Reached skill level 9 in Fighting
 14809 | D:10     | Reached XP level 11. HP: 53/53 MP: 0/17
 15176 | D:11     | Noticed a skeletal warrior
 15236 | D:11     | Found a staircase to the Lair.
 15268 | D:11     | Noticed a skeletal warrior
 15269 | D:11     | Noticed a skeletal warrior
 15366 | D:11     | Noticed a boulder beetle
 15373 | D:11     | Killed a boulder beetle
 15417 | D:11     | Reached skill level 5 in Conjurations
 15514 | D:11     | Learned a level 5 spell: Freezing Cloud
 15560 | D:11     | Noticed a two-headed ogre
 15587 | D:11     | Killed a two-headed ogre
 15765 | D:11     | Noticed a two-headed ogre
 15766 | D:11     | Noticed a skeletal warrior
 16109 | D:10     | Reached skill level 1 in Air Magic
 16651 | D:11     | Killed a skeletal warrior
 18055 | D:11     | Reached skill level 10 in Fighting
 18305 | D:11     | Killed a skeletal warrior
 18457 | D:10     | Learned a level 1 spell: Apportation
 18677 | D:11     | Reached skill level 5 in Spellcasting
 18854 | D:11     | Killed a two-headed ogre
 18855 | D:11     | Reached skill level 10 in Ice Magic
 19586 | D:11     | Found a staircase to the Lair.
 19593 | D:11     | Killed a skeletal warrior
 19594 | D:11     | Gained mutation: Your thick and shaggy fur keeps you warm.
                  | (AC +3, rC+) [Felid growth]
 19594 | D:11     | Reached XP level 12. HP: 58/58 MP: 20/20
 19639 | D:11     | Slain by a skeletal warrior
 19640 | D:11     | Reached XP level 11. HP: -2/54 MP: 2/19
 19648 | D:11     | Killed a skeletal warrior
 19649 | D:11     | Reached skill level 5 in Evocations
 19753 | Lair:1   | Entered Level 1 of the Lair of Beasts
 20360 | Lair:1   | Noticed a boulder beetle
 20371 | Lair:1   | Killed a boulder beetle
 20372 | Lair:1   | Reached skill level 11 in Fighting
 20984 | D:12     | Noticed a centaur warrior
 22504 | Lair:2   | Noticed a death yak
 23161 | Lair:3   | Reached **** piety under Dithmenos
 23240 | Lair:3   | Noticed an oklob plant
 23468 | Lair:3   | Killed an oklob plant
 23571 | Lair:3   | Found a hole to the Spider Nest.
 23703 | Lair:3   | Reached XP level 12. HP: 55/60 MP: 15/20
 24087 | Lair:3   | Found a staircase to the Swamp.
 24270 | Lair:3   | Reached skill level 12 in Fighting
 24828 | Lair:3   | Noticed a seven-headed hydra
 24836 | Lair:3   | Killed a seven-headed hydra
 25043 | Lair:3   | Noticed a dire elephant
 25272 | Lair:2   | Noticed a death yak
 26280 | Lair:3   | Killed a dire elephant
 27243 | Lair:4   | Reached skill level 1 in Invocations
 27350 | Lair:4   | Noticed a four-headed hydra
 27566 | Lair:4   | Killed a four-headed hydra
 27853 | Lair:4   | Noticed an eight-headed hydra
 27864 | Lair:4   | Killed an eight-headed hydra
 27865 | Lair:4   | Reached XP level 13. HP: 64/64 MP: 1/21
 30381 | Lair:5   | Reached skill level 13 in Fighting
 31101 | D:8      | Killed Maurice
 31341 | Orc:1    | Entered Level 1 of the Orcish Mines
 31483 | Orc:1    | Reached ***** piety under Dithmenos
 32547 | Orc:1    | Found Kimunyr's General Store.
 32941 | Lair:6   | Entered Level 6 of the Lair of Beasts
 33781 | Lair:6   | Reached skill level 14 in Fighting
 34263 | Lair:6   | Found a staircase to the Slime Pits.
 34711 | Lair:6   | Reached XP level 14. HP: 67/72 MP: 2/22
 36393 | Lair:6   | Found a large runed translucent door.
 36394 | Lair:6   | Found a large runed translucent door.
 36833 | Orc:2    | Entered Level 2 of the Orcish Mines
 37216 | Orc:2    | Noticed an orc warlord
 37266 | Orc:2    | Killed an orc warlord
 38261 | Orc:2    | Found a staircase to the Elven Halls.
 38267 | Orc:2    | Noticed an orc warlord
 38498 | Orc:2    | Killed an orc warlord
 38814 | Orc:2    | Reached ****** piety under Dithmenos
 39211 | Orc:2    | Found a runed translucent gate.
 39217 | Orc:2    | Found a runed translucent gate.
 39218 | Orc:2    | Found a runed translucent gate.
 40639 | Orc:2    | Reached skill level 5 in Invocations
 40808 | Orc:2    | Reached skill level 5 in Air Magic
 41485 | Orc:2    | Noticed ThreePoint314's ghost (journeyman DsIE)
 42851 | Orc:2    | Found Kowan's Jewellery Shop.
 42851 | Orc:2    | Found Sioppem's Antique Weapon Emporium.
 42851 | Orc:2    | Found Suacieta's Distillery.
 42851 | Orc:2    | Found Gesicrow's Antique Weapon Shop.
 42916 | Orc:2    | Found Nityrol's General Store.
 42920 | Orc:2    | Found Ziyblair's Specific Store.
 43056 | Orc:2    | Bought a potion of berserk rage for 55 gold pieces
 43056 | Orc:2    | Bought a potion of curing for 33 gold pieces
 43056 | Orc:2    | Bought a potion of heal wounds for 55 gold pieces
 43056 | Orc:2    | Bought a potion of heal wounds for 55 gold pieces
 43056 | Orc:2    | Bought a potion of mutation for 88 gold pieces
 43056 | Orc:2    | Bought a potion of mutation for 88 gold pieces
 43056 | Orc:2    | Bought a potion of curing for 33 gold pieces
 43076 | Orc:2    | Bought a scroll of identify for 26 gold pieces
 43095 | Orc:2    | Bought a +4 ring of protection for 504 gold pieces
 43137 | Orc:1    | Bought a potion of mutation for 120 gold pieces
 43137 | Orc:1    | Bought a potion of might for 60 gold pieces
 43304 | D:12     | Identified the ring "Ycoxtaas" {Wiz rF+}
 44102 | D:12     | Found Kuenotua's Armour Boutique.
 44444 | D:12     | Noticed Urug
 44456 | D:12     | Killed Urug
 44732 | D:12     | Reached XP level 15. HP: 43/76 MP: 10/25
 44974 | D:12     | Paralysed by an ogre mage for 5 turns
 45469 | D:12     | Learned a level 4 spell: Summon Ice Beast
 45920 | D:13     | Noticed Snorg
 46075 | D:13     | Found a corrupted altar of Lugonu.
 46079 | D:13     | Found a transporter.
 46118 | D:13     | Killed Snorg
 47147 | D:13     | Noticed a tentacled starspawn
 47166 | D:13     | Found a transporter.
 48155 | D:14     | Noticed Louise
 48947 | D:14     | Found a gate to the Vaults.
 48981 | D:14     | Mangled by a +5 long sword
 48982 | D:14     | Reached XP level 14. HP: -6/72 MP: 16/24
 48982 | D:14     | Upgraded the game from 0.28-a0-1389-gc726bef33b to
                  | 0.28-a0-1395-g4f6bc678fa
 49110 | D:14     | Reached skill level 10 in Dodging
 49997 | D:14     | Slain by a +5 long sword
 49998 | D:14     | Reached XP level 13. HP: 0/64 MP: 7/24
 50920 | D:15     | Entered Level 15 of the Dungeon
 51069 | D:15     | Noticed Agnes
 51073 | D:15     | Found a staircase to the Depths.
 51073 | D:15     | Noticed an ettin
 51088 | D:15     | Killed an ettin
 51894 | D:15     | Reached XP level 14. HP: 64/72 MP: 2/25
 52461 | D:15     | Mangled by a skeletal warrior

Illustrated notes

Levels and vault maps discovered:
D:1:      noname_arrival_rooms_in_the_neighbourhood, layout_loops_corners,
          minmay_pentomino_q2
D:2:      layout_loops_cross, serial_shops, shop, shop,
          nicolae_shop_temple_entry_statues_fountains, minivault_27,
          uniq_natasha
D:3:      layout_loops_ring, shapermc_ecumenical_altar_mp_highgroup,
          grunt_ministairs_1, kennysheep_nondescript,
          minmay_misc_feat_diagonals, minmay_splitting_lines, uniq_sigmund
D:4:      layout_loops_cross, minmay_temple_entry_slanted
D:5:      layout_gridville, mainiacjoe_overflow_tiny_flanked,
          portal_sewer_entry_f, minmay_misc_feat_doors,
          nicolae_underground_beach
D:6:      layout_layer_cave, st_stairs_13
D:7:      layout_basic, minmay_misc_feat_nine_boxes,
          chequers_serial_rivers_micro_b, uniq_prince_ribbit1
D:8:      layout_rooms, kiku_gazebo_pond_becter, ebering_ghost_xom, uniq_maurice
D:9:      layout_grid_maze, feat_on_display
D:10:     layout_rooms, orc_0_dummy, ebering_ghost_gozag, grunt_ministairs_10,
          uniq_nergalle, uniq_erica
D:11:     kennysheep_ambush_hall, layout_loops_corners,
          due_lair_maze_entry_diamond
D:12:     layout_small_grid, serial_shops, nicolae_diamond_shop, uniq_jorgrun,
          uniq_urug
D:13:     gammafunk_corrupted_shrine, layout_basic, uniq_snorg
D:14:     layout_roguey, erik_vaults_1, infiniplex_staircase_spiral_double,
          uniq_louise
D:15:     hangedman_depths_entry_civil_slaughter, layout_basic,
          minmay_misc_feat_secret_circle, uniq_agnes
Temple:   mainiacjoe_temple_big_plus
Lair:1:   layout_regular_city, nzn_sisyphean_effort, grunt_megastairs_2
Lair:2:   layout_concentric_octagons, evilmike_ambush
          [evilmike_ambush_outer_pillars, evilmike_ambush_inner_basic],
          grunt_megastairs_4
Lair:3:   mu_elephants_graveyard, layout_small_grid, swamp_mist,
          spider_nest_entry_webs
Lair:4:   layout_regular_city, serial_bayou_shore_b, infiniplex_staircase_pool,
          grunt_megastairs_3
Lair:5:   layout_regular_city, wad_woods_road_01
Lair:6:   cheibrodos_lair_end_hotspot, layout_misc_corridors,
          nicolae_slime_entry_slimehenge, serial_bayou_lake_a
Orc:1:    layout_caves, serial_shops, nicolae_diamond_shop,
          nicolae_orc_lava_room
Orc:2:    st_orc_ogre_mass, layout_caves, ebering_ghost_rock_garden,
          nicolae_specific_store

Skill      XL: |  1  2  3  4  5  6  7  8  9 10 11 12 13 14 15 |
---------------+----------------------------------------------+-----
Ice Magic      | 4 5 6 8 10 12 | 12.9
Spellcasting   | 3 5 7 6 |  7.0
Stealth        | 3 4 5 6 8 |  8.0
Unarmed Combat | 1 2 4 6 8 7 |  8.1
Fighting       | 2 4 6 9 11 12 14 | 14.9
Dodging        | 3 4 5 6 8 10 | 10.0
Evocations     | 2 4 6 8 9 |  9.9
Translocations | 3 4 |  4.0
Conjurations   | 2 4 7 8 9 |  9.4
Air Magic      | 4 6 |  6.0
Invocations    | 2 4 5 6 |  6.0

Action                   |  1- 3 |  4- 6 |  7- 9 | 10-12 | 13-15 || total
-------------------------+-------+-------+-------+-------+-------++-------
Melee: Unarmed           |    17 |    62 |   148 |   325 |   512 ||  1064
       Bite              |       |     7 |    11 |    32 |    52 ||   102
       Punch             |       |       |     3 |     9 |    11 ||    23
 Cast: Freeze            |    32 |    61 |    61 |    48 |    44 ||   246
       Frozen Ramparts   |     3 |    17 |    22 |    77 |    84 ||   203
       Ozocubu's Armour  |     1 |     7 |    23 |    67 |   112 ||   210
       Hailstorm         |       |       |     9 |    93 |   145 ||   247
       Apportation       |       |       |       |     2 |     4 ||     6
       Blink             |       |       |       |     1 |     4 ||     5
       Freezing Cloud    |       |       |       |    21 |   150 ||   171
       Summon Ice Beast  |       |       |       |       |    10 ||    10
Invok: Shadow Step       |       |       |       |     4 |    11 ||    15
       Shadow Form       |       |       |       |       |     1 ||     1
Evoke: Wand              |       |       |    11 |    23 |    19 ||    53
       Box of beasts     |       |       |       |       |     2 ||     2
  Use: Scroll            |       |    11 |     9 |    12 |     8 ||    40
       Potion            |       |       |       |       |     2 ||     2
 Stab: Sleeping          |     8 |     6 |    13 |    20 |    27 ||    74
       Paralysed         |       |       |       |    12 |       ||    12
       Distracted        |       |       |       |       |     1 ||     1
Armor: Skin              |       |    13 |    30 |    94 |    92 ||   229
Dodge: Dodged            |    32 |    76 |   206 |   412 |   620 ||  1346

Table legend: (Time is in decaauts)
 A = Elapsed time spent in this place.
 B = Non-inter-level travel time spent in this place.
 C = Inter-level travel time spent in this place.
 D = Time resting spent in this place.
 E = Time spent auto-exploring this place.
 F = Levels seen in this place.
 G = Mean time per level.
                   A        B        C        D        E       F      G
               +--------+--------+--------+--------+--------+-----+--------+
         Total |  48492 |  45836 |   2656 |  19432 |  20266 |  25 | 1939.7 |
       Dungeon |  26783 |  25137 |   1646 |   8927 |  13012 |  15 | 1785.5 |
        Temple |    402 |    361 |     41 |      2 |    352 |   1 |  402.0 |
          Lair |  13673 |  12961 |    712 |   6547 |   4682 |   6 | 2278.8 |
  Orcish Mines |   7106 |   6850 |    256 |   3955 |   1793 |   2 | 3553.0 |
         Sewer |    527 |    527 |      0 |      0 |    425 |   1 |  527.0 |
               +--------+--------+--------+--------+--------+-----+--------+

Top non-repeatable levels by time:
   Orc:2: 3654 daAuts
  Lair:3: 3576 daAuts
   Orc:1: 3451 daAuts
    D:10: 3444 daAuts
    D:11: 3401 daAuts
  Lair:6: 3199 daAuts
    D:14: 3046 daAuts
    D:13: 2219 daAuts
  Lair:5: 2068 daAuts
    D:12: 1969 daAuts
  Lair:4: 1885 daAuts
  Lair:1: 1487 daAuts
     D:8: 1484 daAuts
     D:4: 1483 daAuts
  Lair:2: 1454 daAuts
